NCAA
NORTHWESTERN WILDCATS @ SOUTHERN CALIFORNIA TROJANS
05/14/2023
 
TOP OF THE 1ST
Northwestern Wildcats batting - Pitching for Southern California Trojans : RHP Jonathan Faulkner
Pitching: RHP Jonathan Faulkner
Batting: RHB Pablo Velásquez 0-0: Called Strike
0-1: Called Strike
0-2: Foul Ball, location: 2F
0-2: Strikes out swinging
Batting: RHB John Miller 0-0: Called Strike
0-1: Ball
1-1: Ball
2-1: Ground out 5-3 (Groundball, 56)
Batting: SHB Arnold Maddox 0-0: Foul Ball, location: 2F
0-1: Ball
1-1: Called Strike
1-2: Foul Ball, location: 2F
1-2: Ball
2-2: SINGLE (Groundball, 34D)
Batting: RHB Truman Younger 0-0: Called Strike
0-1: Called Strike
0-2: Ball
1-2: Strikes out looking
Top of the 1st over - 0 run(s), 1 hit(s), 0 error(s), 1 left on base; Northwestern 0 - Southern California 0
BOTTOM OF THE 1ST
Southern California Trojans batting - Pitching for Northwestern Wildcats : LHP Ben Madison
Pitching: LHP Ben Madison
Batting: LHB Scot Chilson 0-0: Reached on error, E3 (Groundball, 3)
Batting: LHB Mike Davis 0-0: SINGLE (Groundball, 4MD)
Scot Chilson to second
Batting: SHB José López 0-0: Ball
1-0: Called Strike
1-1: Called Strike
1-2: Ball
2-2: Foul Ball, location: 2F
2-2: Ground out 4-3 (Groundball, 6M)
Scot Chilson to third
Mike Davis to second
Batting: RHB Brian Dixon 0-0: Swinging Strike
0-1: Ball
1-1: Called Strike
1-2: Ball
2-2: Foul Ball, location: 2F
2-2: Ball
3-2: Strikes out looking
Batting: RHB José Martínez 0-0: Called Strike
0-1: Called Strike
0-2: Fly out, F9 (Flyball, 9S)
Bottom of the 1st over - 0 run(s), 1 hit(s), 1 error(s), 2 left on base; Northwestern 0 - Southern California 0
TOP OF THE 2ND
Northwestern Wildcats batting - Pitching for Southern California Trojans : RHP Jonathan Faulkner
Batting: RHB Woody Hall 0-0: Ball
1-0: Called Strike
1-1: Called Strike
1-2: Ball
2-2: Foul Ball, location: 2F
2-2: Ball
3-2: Base on Balls
Batting: SHB Tim Taylor 0-0: Ball
1-0: Grounds into double play, 4-6-3 (Groundball, 34)
Batting: RHB Howard Russell 0-0: Foul Ball, location: 2F
0-1: Ball
1-1: Ball
2-1: Ball
3-1: Ground out 5-3 (Groundball, 5L)
Top of the 2nd over - 0 run(s), 0 hit(s), 0 error(s), 0 left on base; Northwestern 0 - Southern California 0
BOTTOM OF THE 2ND
Southern California Trojans batting - Pitching for Northwestern Wildcats : LHP Ben Madison
Batting: LHB Jeff Horton 0-0: Ball
1-0: Fly out, F6 (Line Drive, 6)
Batting: RHB Patrick Daniels 0-0: Ball
1-0: Ball
2-0: Foul Ball, location: 2F
2-1: Called Strike
2-2: Strikes out looking
Batting: RHB Roy MacCluskie 0-0: Fly out, F8 (Line Drive, 8LD)
Bottom of the 2nd over - 0 run(s), 0 hit(s), 0 error(s), 0 left on base; Northwestern 0 - Southern California 0
TOP OF THE 3RD
Northwestern Wildcats batting - Pitching for Southern California Trojans : RHP Jonathan Faulkner
Batting: RHB Andrés Ibáñez 0-0: Ball
1-0: Foul Ball, location: 2F
1-1: Swinging Strike
1-2: SINGLE (Groundball, 56D) (infield hit)
Batting: RHB Bill Christian 0-0: Foul Ball, location: 2F
0-1: Ball
1-1: Foul Ball, location: 2F
1-2: Ball
2-2: Ball
3-2: Foul Ball, location: 2F
3-2: Base on Balls
Andrés Ibáñez to second
Batting: RHB Pablo Velásquez 0-0: Called Strike
0-1: Swinging Strike
0-2: Ball
1-2: Grounds into double play, 6-4-3 (Groundball, 6)
Andrés Ibáñez to third
Batting: RHB John Miller 0-0: Fly out, F3 (Popup, 3L)
Top of the 3rd over - 0 run(s), 1 hit(s), 0 error(s), 1 left on base; Northwestern 0 - Southern California 0
BOTTOM OF THE 3RD
Southern California Trojans batting - Pitching for Northwestern Wildcats : LHP Ben Madison
Now in CF: Bill Christian
Batting: RHB Wayne Whittier 0-0: Fly out, F8 (Flyball, 8LM)
Batting: LHB Scot Chilson 0-0: Swinging Strike
0-1: Ball
1-1: Bunted foul
1-2: Ball
2-2: Foul Ball, location: 2F
2-2: TRIPLE (Flyball, 8RM)
Batting: LHB Mike Davis 0-0: Foul Ball, location: 2F
0-1: Called Strike
0-2: Ball
1-2: Ball
2-2: Ball
3-2: Foul Ball, location: 2F
3-2: Base on Balls
Batting: SHB José López 0-0: Ball
1-0: Called Strike
1-1: Foul Ball, location: 2F
1-2: Foul Ball, location: 2F
1-2: DOUBLE (Line Drive, 9LS)
Scot Chilson scores
Mike Davis to third
Runner from 3rd tries for Home, SAFE, throw made home
Batting: RHB Brian Dixon 0-0: Ball
1-0: Ball
2-0: Foul Ball, location: 2F
2-1: Called Strike
2-2: Foul Ball, location: 2F
2-2: DOUBLE (Flyball, 8LXD)
José López scores
Batting: RHB José Martínez 0-0: Ball
1-0: Called Strike
1-1: Fly out, F7 (Flyball, 7M)
Batting: LHB Jeff Horton 0-0: TRIPLE (Flyball, 8RM)
Brian Dixon scores
Batting: RHB Patrick Daniels 0-0: Called Strike
0-1: Ball
1-1: SINGLE (Groundball, 6M)
Jeff Horton scores
Batting: RHB Roy MacCluskie 0-0: Ball
1-0: Ground out 5-3 (Groundball, 56S)
Bottom of the 3rd over - 5 run(s), 5 hit(s), 0 error(s), 1 left on base; Northwestern 0 - Southern California 5
TOP OF THE 4TH
Northwestern Wildcats batting - Pitching for Southern California Trojans : RHP Jonathan Faulkner
Batting: SHB Arnold Maddox 0-0: Ball
1-0: Called Strike
1-1: Called Strike
1-2: Strikes out looking
Batting: RHB Truman Younger 0-0: Ball
1-0: Called Strike
1-1: Ball
2-1: Ball
3-1: Base on Balls
Batting: RHB Woody Hall 0-0: Fly out, F7 (Popup, 78S)
Batting: SHB Tim Taylor 0-0: Called Strike
0-1: Ball
1-1: Foul Ball, location: 2F
1-2: Ball
2-2: Strikes out looking
Top of the 4th over - 0 run(s), 0 hit(s), 0 error(s), 1 left on base; Northwestern 0 - Southern California 5
BOTTOM OF THE 4TH
Southern California Trojans batting - Pitching for Northwestern Wildcats : LHP Ben Madison
Batting: RHB Wayne Whittier 0-0: Called Strike
0-1: Ball
1-1: Ground out 5-3 (Groundball, 56)
Batting: LHB Scot Chilson 0-0: Ball
1-0: Foul Ball, location: 2F
1-1: Ball
2-1: SINGLE (Line Drive, 8RS)
Batting: LHB Mike Davis 0-0: Ball
1-0: Ball
2-0: Hit by Pitch
Scot Chilson to second
Batting: SHB José López 0-0: Swinging Strike
0-1: Called Strike
Scot Chilson steals 3rd base
Mike Davis to second
0-2: Ball
1-2: Foul Ball, location: 2F
1-2: Ball
2-2: Foul Ball, location: 2F
2-2: Foul Ball, location: 2F
2-2: Foul Ball, location: 2F
2-2: Ball
3-2: Fly out, F8 (Popup, 6D)
Pitching: RHP Alberto Arroyo
Batting: RHB Brian Dixon 0-0: Called Strike
0-1: Ball
1-1: Ball
2-1: Swinging Strike
2-2: SINGLE (Groundball, 56D)
Scot Chilson scores
Mike Davis to third
Runner from 3rd tries for Home, SAFE, no throw or cutoff
Batting: RHB José Martínez 0-0: SINGLE (Line Drive, 8LS)
Brian Dixon to second
Pitching: LHP Ralph Ocampo
Batting: LHB Jeff Horton 0-0: Ball
1-0: Ball
2-0: Swinging Strike
2-1: Foul Ball, location: 2F
2-2: Strikes out looking
Bottom of the 4th over - 2 run(s), 3 hit(s), 0 error(s), 2 left on base; Northwestern 0 - Southern California 7
TOP OF THE 5TH
Northwestern Wildcats batting - Pitching for Southern California Trojans : RHP Jonathan Faulkner
Batting: RHB Howard Russell 0-0: Ball
1-0: Called Strike
1-1: Ball
2-1: Called Strike
2-2: Fly out, F2 (Popup, 23F)
Batting: RHB Andrés Ibáñez 0-0: Swinging Strike
0-1: Called Strike
0-2: Ball
1-2: Strikes out swinging
Batting: RHB Bill Christian 0-0: Ball
1-0: Ball
2-0: Called Strike
2-1: SINGLE (Line Drive, 7S)
Batting: RHB Pablo Velásquez 0-0: Ball
1-0: Fly out, F9 (Flyball, 9LM)
Top of the 5th over - 0 run(s), 1 hit(s), 0 error(s), 1 left on base; Northwestern 0 - Southern California 7
BOTTOM OF THE 5TH
Southern California Trojans batting - Pitching for Northwestern Wildcats : LHP Ralph Ocampo
Batting: RHB Patrick Daniels 0-0: Called Strike
0-1: SINGLE (Line Drive, 89S)
Batting: RHB Roy MacCluskie 0-0: Ball
Wild Pitch!
Patrick Daniels to second
1-0: Ball
2-0: Ball
3-0: Called Strike
3-1: Base on Balls
Batting: RHB Wayne Whittier 0-0: Ball
1-0: Reached on error, E6 (Groundball, 6)
Patrick Daniels to third
Roy MacCluskie to second
Batting: LHB Scot Chilson 0-0: Ball
1-0: Swinging Strike
1-1: Called Strike
1-2: SINGLE (Line Drive, 89M)
Patrick Daniels scores
Roy MacCluskie to third
Wayne Whittier to second
Runner from 3rd tries for Home, SAFE, no throw or cutoff
Batting: LHB Mike Davis 0-0: Called Strike
0-1: Fielders Choice at 2nd, 1-6 (Groundball, 23)
Wayne Whittier to third
Batting: SHB José López 0-0: Ball
1-0: Swinging Strike
1-1: Ball
2-1: SINGLE (Line Drive, 5L)
Wayne Whittier scores
Mike Davis to second
Batting: RHB Brian Dixon 0-0: Ball
1-0: Ball
2-0: Ball
3-0: Base on Balls
Mike Davis to third
José López to second
Batting: RHB José Martínez 0-0: Ball
1-0: Foul Ball, location: 2F
1-1: Swinging Strike
1-2: Ball
2-2: Ball
3-2: Foul Ball, location: 2F
3-2: Foul Ball, location: 2F
3-2: Strikes out swinging
Batting: LHB Jeff Horton 0-0: Ball
1-0: Foul Ball, location: 2F
1-1: SINGLE (Groundball, 34D)
Mike Davis scores
José López to third
Brian Dixon to second
Runner from 3rd tries for Home, SAFE, throw made at trailing runner, SAFE at third!
Pitching: RHP António Gómez
Batting: RHB Patrick Daniels 0-0: Called Strike
0-1: Ball
1-1: Swinging Strike
1-2: Ball
2-2: Foul Ball, location: 2F
2-2: Strikes out swinging
Bottom of the 5th over - 5 run(s), 4 hit(s), 1 error(s), 2 left on base; Northwestern 0 - Southern California 12
TOP OF THE 6TH
Northwestern Wildcats batting - Pitching for Southern California Trojans : RHP Jonathan Faulkner
Batting: RHB John Miller 0-0: Ball
1-0: Ball
2-0: Ball
3-0: Called Strike
3-1: Ground out 6-3 (Groundball, 6)
Pitching: RHP J.J. George
Batting: SHB Arnold Maddox 0-0: Called Strike
0-1: Ball
1-1: Swinging Strike
1-2: Strikes out looking
Batting: RHB Truman Younger 0-0: Ball
1-0: Ball
2-0: Foul Ball, location: 2F
2-1: Called Strike
2-2: SINGLE (Line Drive, 34D)
Batting: RHB Woody Hall 0-0: Ball
1-0: Called Strike
1-1: Ball
2-1: Fly out, F9 (Flyball, 89S)
Top of the 6th over - 0 run(s), 1 hit(s), 0 error(s), 1 left on base; Northwestern 0 - Southern California 12
BOTTOM OF THE 6TH
Southern California Trojans batting - Pitching for Northwestern Wildcats : RHP António Gómez
Batting: RHB Roy MacCluskie 0-0: Ground out 5-3 (Groundball, 56)
Batting: RHB Wayne Whittier 0-0: Ball
1-0: Fly out, F6 (Popup, 6)
Batting: LHB Scot Chilson 0-0: Swinging Strike
0-1: Ball
1-1: Called Strike
1-2: Strikes out swinging
Bottom of the 6th over - 0 run(s), 0 hit(s), 0 error(s), 0 left on base; Northwestern 0 - Southern California 12
TOP OF THE 7TH
Northwestern Wildcats batting - Pitching for Southern California Trojans : RHP J.J. George
Batting: SHB Tim Taylor 0-0: Called Strike
0-1: Ball
1-1: Ball
2-1: Foul Ball, location: 2F
2-2: Strikes out looking
Batting: RHB Howard Russell 0-0: DOUBLE (Groundball, 5L)
Batting: RHB Andrés Ibáñez 0-0: Called Strike
0-1: Swinging Strike
0-2: Ball
1-2: Strikes out looking
Batting: RHB Bill Christian 0-0: Ball
1-0: Swinging Strike
1-1: Swinging Strike
1-2: Strikes out swinging
Top of the 7th over - 0 run(s), 1 hit(s), 0 error(s), 1 left on base; Northwestern 0 - Southern California 12
BOTTOM OF THE 7TH
Southern California Trojans batting - Pitching for Northwestern Wildcats : RHP António Gómez
Batting: LHB Mike Davis 0-0: Called Strike
0-1: Swinging Strike
0-2: Ball
1-2: Ball
2-2: Ground out 4-3 (Groundball, 34)
Batting: SHB José López 0-0: Called Strike
0-1: Swinging Strike
0-2: Strikes out swinging
Batting: RHB Brian Dixon 0-0: Called Strike
0-1: Ball
1-1: Swinging Strike
1-2: Strikes out swinging
Bottom of the 7th over - 0 run(s), 0 hit(s), 0 error(s), 0 left on base; Northwestern 0 - Southern California 12
TOP OF THE 8TH
Northwestern Wildcats batting - Pitching for Southern California Trojans : RHP J.J. George
Batting: RHB Pablo Velásquez 0-0: Ball
1-0: Ground out 1-3 (Groundball, 13S)
Pitching: LHP Marty Jacobson
Batting: RHB John Miller 0-0: Fly out, F9 (Flyball, 89M)
Batting: SHB Arnold Maddox 0-0: Called Strike
0-1: Ball
1-1: Fly out, F5 (Popup, 56S)
Top of the 8th over - 0 run(s), 0 hit(s), 0 error(s), 0 left on base; Northwestern 0 - Southern California 12
BOTTOM OF THE 8TH
Southern California Trojans batting - Pitching for Northwestern Wildcats : RHP António Gómez
Pitching: LHP Brendan Kennedy
Batting: RHB José Martínez 0-0: Foul Ball, location: 2F
0-1: Hit by Pitch
Batting: LHB Jeff Horton 0-0: Fly out, F7 (Flyball, 78M)
Batting: RHB Patrick Daniels 0-0: Ball
1-0: Called Strike
1-1: Foul Ball, location: 2F
1-2: Ball
2-2: Foul Ball, location: 2F
2-2: Ball
3-2: Base on Balls
José Martínez to second
Batting: RHB Roy MacCluskie 0-0: Ball
1-0: Ball
2-0: Ball
3-0: Base on Balls
José Martínez to third
Patrick Daniels to second
Batting: RHB Wayne Whittier 0-0: Ball
1-0: Foul Ball, location: 2F
1-1: Fly out, F8 (Flyball, 8LS)
Batting: LHB Scot Chilson 0-0: Ball
1-0: Ball
2-0: Foul Ball, location: 2F
2-1: Foul Ball, location: 2F
2-2: Foul Ball, location: 2F
2-2: Ball
3-2: Strikes out looking
Bottom of the 8th over - 0 run(s), 0 hit(s), 0 error(s), 3 left on base; Northwestern 0 - Southern California 12
TOP OF THE 9TH
Northwestern Wildcats batting - Pitching for Southern California Trojans : LHP Marty Jacobson
Batting: RHB Truman Younger 0-0: Ball
1-0: Ball
2-0: Fly out, F7 (Flyball, 78M)
Batting: RHB Woody Hall 0-0: Called Strike
0-1: Ball
1-1: Ground out 4-3 (Groundball, 4M)
Batting: SHB Tim Taylor 0-0: Ground out 5-3 (Groundball, 56)
Top of the 9th over - 0 run(s), 0 hit(s), 0 error(s), 0 left on base; Northwestern 0 - Southern California 12
This league is powered by Out of the Park Baseball, the baseball management simulation game for PC, Mac and Linux
Wednesday, December 2nd, 2015 - OOTP Baseball 16.8 Build 38